Map: Templo Congelado

Players

ToP

  • Race: Terran Terran
  • League: Master

TheZergLord - Winner!

  • Race: Zerg Zerg
  • League: Master

VOD

Have the link to the VOD?

Description

Time

  • Played on: May 25, 2016, 3:05 p.m.
  • Length: 16:27
Show
View Real Time Build Order
Export as new Build Order

ToP Terran 

Build Orders: Liberator Opening, Reaper Expand, Mech 

Get SALT Encoding   

  12  0:07  SCV  
  13  0:16  Supply Depot  
  13  0:21  SCV  
  14  0:33  SCV  
  15  0:40  Barracks  
  15  0:42  Refinery  
  15  0:46  SCV  
  16  0:58  SCV  
  17  1:10  SCV  
  18  1:23  SCV  
  19  1:26  Reaper  
  20  1:35  Orbital Command  
  20  1:46  Command Center  
  20  1:58  Marine  
  21  2:02  SCV, Supply Depot  
  22  2:14  SCV  
  23  2:18  Factory  
  23  2:22  Barracks Reactor  
  23  2:33  SCV  
  24  2:38  Refinery  
  24  2:45  SCV  
  24  2:46  Supply Depot  
  25  2:57  SCV  
  25  3:04  Starport  
  25  3:05  Orbital Command  
  25  3:09  SCV  
  26  3:16  Barracks Tech Lab  
  25  3:23  Hellion x2  
  25  3:25  SCV  
  30  3:37  SCV  
  30  3:38  Liberator  
  30  3:40  SCV  
  32  3:42  Barracks  
  32  3:43  Barracks Tech Lab  
  32  3:44  Hellion x2  
  36  3:49  SCV  
  40  3:57  SCV  
  40  4:01  SCV, Supply Depot  
  42  4:06  Hellion  
  42  4:08  Hellion  
  42  4:09  SCV  
  47  4:10  Marine  
  47  4:13  SCV  
  49  4:19  Fusion Core  
  49  4:24  Supply Depot  
  49  4:25  SCV  
  49  4:29  Marauder, Hellion  
  54  4:34  Liberator  
  54  4:47  Marine  
  54  4:49  Marine  
  59  4:56  Command Center  
  59  5:00  Factory  
  59  5:03  SCV x2, Bunker  
  61  5:07  Refinery  
  61  5:18  Marine x2  
  61  5:20  SCV x2  
  65  5:25  Supply Depot  
  65  5:26  Advanced Ballistics, Supply Depot  
  65  5:35  SCV x2  
  67  5:36  Marine  
  67  5:39  Refinery  
  68  5:47  SCV  
  69  5:54  Marine x2  
  67  6:07  Liberator  
  57  6:12  Marine  
  57  6:16  Orbital Command  
  56  6:23  Widow Mine x2  
  62  6:30  Marine  
  62  6:32  Armory  
  63  6:34  SCV x2  
  63  6:36  Factory  
  63  6:37  Barracks Tech Lab  
  65  6:47  Marine  
  66  6:57  Cyclone  
  66  6:58  SCV x3  
  73  7:02  Supply Depot  
  73  7:03  Supply Depot x2  
  73  7:05  Marine  
  73  7:08  Factory  
  74  7:10  Factory, Medivac  
  76  7:16  SCV x3  
  76  7:17  Engineering Bay  
  76  7:22  Factory Reactor  
  79  7:25  Marine  
  79  7:26  Marine, Widow Mine x2  
  79  7:29  Siege Tank  
  88  7:32  Liberator  
  88  7:38  Mag-Field Accelerator  
  91  7:55  Orbital Command, Hellion  
  91  7:56  Hellion  
  95  7:59  Marine x2  
  95  8:01  Factory Tech Lab  
  95  8:02  Hellion  
  96  8:07  Factory Tech Lab  
  96  8:09  Widow Mine x2  
  96  8:10  SCV x2  
  102  8:13  Missile Turret  
  102  8:14  Missile Turret  
  102  8:15  Command Center  
  102  8:17  Marine  
  103  8:21  SCV  
  103  8:22  SCV  
  103  8:23  SCV, Siege Tank  
  109  8:33  SCV  
  110  8:34  SCV  
  110  8:35  SCV, Siege Tank x2  
  110  8:39  Supply Depot  
  113  8:45  SCV  
  113  8:47  SCV x2  
  100  8:52  Marine x2  
  90  8:56  Hellion x2  
  90  8:57  Hellion  
  90  9:00  Siege Tank  
  90  9:01  Hellion  
  82  9:07  Siege Tank  
  82  9:08  Orbital Command, Hellion  
  78  9:10  Marine x2  
  73  9:28  Marine x2, Hellion  
  73  9:29  Siege Tank  
  79  9:32  Orbital Command  
  71  9:42  Orbital Command  
  71  9:46  Marine x2  
  73  9:56  Siege Tank  
  76  10:03  Marine  
  76  10:04  Marine  
  78  10:12  Liberator  
  71  10:20  SCV x2  
  71  10:21  SCV  
  64  10:33  SCV  
  64  10:35  Hellion x2  
  72  10:42  Terran Vehicle Weapons Level 1  
  72  10:46  Refinery  
  68  11:02  Hellion x2  
  68  11:03  Hellion  
  66  11:08  Orbital Command  
  66  11:18  Marine x2  
  66  11:24  Hellion x2  
  72  11:35  SCV x2  
  72  11:36  Marine x2  
  72  11:37  SCV  
  77  11:40  Widow Mine  
  77  11:47  Viking  
  81  11:54  Marine x2  
  74  12:04  SCV x4  
  70  12:15  Medivac  
  70  12:16  SCV x4  
  70  12:17  Medivac  
  78  12:24  Thor  
  78  12:28  SCV x3  
  78  12:29  SCV  
  85  12:39  Refinery  
  85  12:40  SCV x2  
  85  12:41  SCV x2  
  85  12:43  Marine x2  
  89  12:45  Viking  
  89  12:50  Supply Depot x2  
  91  12:52  Siege Tank  
  91  12:53  Hellion x3  
  91  12:56  SCV  
  91  12:58  SCV  
  102  13:00  SCV  
  103  13:18  SCV x2  
  103  13:19  SCV x2  
  105  13:20  Viking x2  
  109  13:29  Widow Mine x4  
  109  13:33  SCV x2  
  119  13:37  Refinery  
  117  13:50  Hellion x2  
  121  13:55  Supply Depot  
  121  13:56  Supply Depot  
  121  13:58  Hellion  
  123  14:04  Orbital Command  
  123  14:05  Marine  
  124  14:11  Siege Tank  
  124  14:15  Siege Tank x2, Hellion  
  102  14:31  Siege Tank  
  105  14:32  SCV  
  105  14:37  SCV x2  
  108  14:43  Siege Tank  
  111  14:47  Siege Tank  
  114  14:52  Thor  
  114  14:53  Widow Mine  
  120  15:11  Hellion x2  
  94  15:31  Orbital Command  
  94  15:35  Hellion x4  
  102  15:36  SCV x2  
  104  15:46  Orbital Command  
Show
View Real Time Build Order
Export as new Build Order

TheZergLord Zerg - Winner!

Build Orders: Hatch First 

Get SALT Encoding   

  12  0:01  Drone  
  13  0:13  Drone  
  14  0:17  Overlord  
  14  0:23  Drone, Extractor  
  15  0:35  Drone  
  15  0:36  Drone  
  17  0:52  Hatchery  
  17  0:57  Drone  
  17  1:10  Spawning Pool  
  16  1:14  Drone  
  16  1:17  Extractor  
  16  1:19  Drone  
  16  1:24  Drone  
  18  1:30  Drone  
  19  1:41  Overlord  
  19  1:57  Queen  
  19  1:58  Zergling x2  
  22  2:02  Zergling x2  
  22  2:06  Queen, Zergling x2  
  26  2:12  Drone  
  26  2:15  Drone  
  28  2:19  Metabolic Boost  
  28  2:25  Drone  
  28  2:28  Drone  
  29  2:34  Drone  
  31  2:37  Drone  
  31  2:49  Hatchery  
  30  2:57  Queen, Drone  
  33  3:00  Overlord  
  33  3:03  Drone  
  34  3:08  Drone x2  
  36  3:21  Drone x3  
  36  3:22  Overlord  
  36  3:25  Drone x3  
  42  3:32  Drone x2  
  44  3:43  Overlord  
  44  3:44  Queen, Drone  
  44  3:46  Queen  
  49  3:51  Drone x2  
  49  3:52  Drone  
  52  4:00  Spine Crawler  
  52  4:01  Overlord  
  52  4:02  Drone  
  52  4:03  Drone x2  
  54  4:11  Queen  
  54  4:16  Overlord  
  56  4:18  Drone x4  
  56  4:20  Zergling x2  
  61  4:25  Lair  
  61  4:26  Zergling x2  
  60  4:47  Spore Crawler  
  60  4:50  Spore Crawler  
  60  4:52  Drone  
  59  4:53  Drone x2  
  59  4:55  Drone x2  
  59  4:57  Drone x3, Spore Crawler  
  59  4:58  Drone x6, Evolution Chamber  
  70  5:00  Baneling Nest  
  69  5:10  Drone x5  
  74  5:14  Extractor  
  74  5:15  Extractor  
  74  5:20  Overlord x2  
  72  5:25  Drone  
  72  5:26  Drone  
  74  5:32  Overlord  
  74  5:33  Overlord x2  
  74  5:35  Hatchery  
  73  5:36  Zerg Ground Armor Level 1  
  73  5:40  Zergling x2  
  73  5:41  Zergling x10  
  76  5:52  Zergling x2  
  76  5:53  Zergling x12  
  62  6:13  Drone x3  
  62  6:14  Drone x6  
  71  6:27  Centrifical Hooks  
  71  6:29  Drone x3  
  71  6:30  Drone  
  75  6:35  Drone  
  75  6:52  Queen, Overlord  
  77  6:59  Zergling x2  
  77  7:00  Zergling x24  
  88  7:15  Baneling  
  88  7:16  Baneling x3  
  88  7:18  Drone  
  88  7:19  Evolution Chamber  
  88  7:21  Queen  
  90  7:28  Zergling x6  
  90  7:29  Zergling x14  
  100  7:42  Hatchery  
  89  8:06  Zerg Ground Armor Level 2, Zerg Melee Weapons Level 1  
  89  8:07  Zergling x2  
  89  8:08  Zergling x38  
  109  8:13  Overlord  
  108  8:23  Drone x4  
  108  8:25  Spire  
  108  8:26  Extractor  
  110  8:27  Extractor  
  110  8:33  Zergling x4  
  110  8:34  Zergling x12  
  97  8:50  Zergling x22  
  95  9:06  Zergling x20  
  95  9:07  Zergling x2  
  95  9:08  Queen  
  98  9:18  Zergling x12  
  98  9:19  Zergling x4  
  101  9:27  Zergling x12  
  101  9:37  Corruptor  
  101  9:38  Corruptor x3  
  107  9:50  Drone  
  107  9:51  Drone x8  
  97  10:19  Zergling x30  
  97  10:20  Zergling x14  
  104  10:26  Drone x6  
  108  10:33  Zerg Melee Weapons Level 2  
  108  10:37  Infestation Pit  
  108  10:39  Drone x4  
  108  10:40  Drone x4  
  100  10:59  Zergling x2  
  100  11:00  Zergling x26  
  104  11:11  Zergling x14  
  106  11:12  Zergling x12  
  115  11:20  Zergling x6  
  115  11:21  Zergling x6  
  119  11:28  Drone x6  
  125  11:35  Hatchery  
  124  11:46  Zergling x8  
  124  11:47  Zergling x8  
  130  11:53  Drone  
  121  12:01  Zergling x2  
  121  12:02  Zergling x38  
  132  12:09  Hatchery  
  116  12:19  Hive  
  116  12:21  Zergling x4  
  116  12:22  Zergling x14  
  124  12:27  Drone  
  125  12:31  Zergling x6  
  125  12:32  Zergling x26  
  131  12:43  Hatchery  
  121  12:44  Corruptor  
  121  12:45  Corruptor x6  
  121  12:49  Zerg Flyer Weapons Level 1  
  135  12:54  Zergling x4  
  135  12:55  Zergling x8  
  141  12:58  Zergling x2  
  141  12:59  Zergling x10  
  141  13:00  Overlord x2  
  141  13:01  Overlord x2  
  147  13:18  Zergling x10  
  147  13:19  Zergling x18  
  157  13:32  Zergling x16  
  157  13:33  Zergling x22  
  176  13:38  Queen  
  176  13:40  Queen  
  179  13:43  Zerg Melee Weapons Level 3, Zerg Ground Armor Level 3  
  179  13:44  Adrenal Glands  
  179  13:50  Zergling x14  
  179  13:53  Overlord x4  
  186  14:04  Overlord  
  186  14:05  Zergling x6  
  186  14:06  Zergling x6  
  132  14:25  Zergling x2  
  132  14:26  Zergling x34  
  132  14:27  Zergling x30  
  132  14:28  Zergling x2  
  160  14:55  Zergling x14  
  160  14:56  Zergling x34  
  182  15:11  Zergling x2  
  182  15:12  Zergling x30  
  182  15:13  Zergling x2  
  187  15:21  Zergling x2  
  187  15:22  Zergling x34  
  170  15:46  Zergling x10  
  170  15:47  Zergling x26  
  143  16:02  Zergling x14  
  143  16:03  Zergling x22  
  146  16:07  Zergling x6  
Tags
 
Add a new tag
Caveats
  • Supply blocks, unpowered buildings, or Contaminate may cause inaccurate times.
  • Supply counts are checked every 10 seconds.